Unix NetHack Version 3.7.0-102 Work-in-progress - last build Apr 7 2024 00:22:53 (d302a6a9ff6341f1a922d8f5af178406b35fdf99,branch:master). Game began 2024-04-21 19:41:25, ended 2024-04-21 22:23:23. Ted, neutral male gnomish Wizard -------- ------------->.|...| |@.................| |q-----------..|..-| |..%..|--...|..|...| |.....|-...-...|...| |.....|......0--...| |..<..|.-.|..-..|.-| |=....|.00|.%.%.|..| |.....|.-.|..-.....| |.....|...|........| -------------------- Ted the Thaumaturge St:14 Dx:16 Co:15 In:19 Wi:9 Ch:8 Neutral S:9260 Dlvl:3 $:44 HP:0(98) Pw:46(64) AC:8 Xp:8/2481 T:8889 Latest messages: Perhaps that's why you cannot move it. You hear a monster behind the boulder. Perhaps that's why you cannot move it. You hear a monster behind the boulder. Perhaps that's why you cannot move it. With great effort you move the boulder. You see here a gargoyle corpse. With great effort you move the boulder. You swap places with the peaceful large cat. You hear a monster behind the boulder. Perhaps that's why you cannot move it. With great effort you move the boulder. With great effort you move the boulder. You hear some noises in the distance. The boulder falls into and plugs a hole in the floor! This door is locked. Unlock it with your key? [ynq] (q) y You succeed in unlocking the door. In what direction? j The door resists! The door opens. The soldier ant bites! The soldier ant stings! The soldier ant's sting was poisoned! The soldier ant bites! The soldier ant stings! The soldier ant bites! The soldier ant stings! In what direction? j The spell hits the soldier ant! You kill the soldier ant! The spell hits the grid bug! You kill the grid bug! In what direction? j The spell hits the leocrotta! The leocrotta resists! The leocrotta hits! The leocrotta bites! The leocrotta hits! The leocrotta hits! The leocrotta bites! The leocrotta hits! In what direction? j The spell hits the leocrotta! The leocrotta resists! The leocrotta hits! The leocrotta bites! The leocrotta hits! You die... Do you want your possessions identified? [ynq] (y) q Inventory: Coins $ - 44 gold pieces Weapons w - the blessed rustproof +6 Magicbane (weapon in right hand) Armor x - an uncursed +1 pair of jumping boots (being worn) b - an uncursed burnt +0 cloak of magic resistance (being worn) H - an uncursed +0 mummy wrapping Comestibles I - 5 uncursed food rations E - an uncursed lizard corpse Rings Q - an uncursed ring of conflict q - an uncursed ring of free action f - an uncursed +1 ring of increase accuracy e - an uncursed ring of invisibility d - an uncursed ring of polymorph control m - an uncursed ring of see invisible y - an uncursed ring of warning Wands o - a wand of cancellation (0:8) c - a wand of digging (0:3) C - a wand of digging (0:3) k - a wand of magic missile (0:8) r - a wand of striking (0:4) Tools h - a blessed bag of holding containing 17 items A - an uncursed blindfold T - an uncursed brass lantern B - an uncursed lock pick n - a blessed magic marker (0:9) M - an uncursed skeleton key a - a blessed stethoscope W - a blessed tinning kit (0:98) u - a blessed +0 unicorn horn Gems/Stones z - an uncursed worthless piece of black glass U - an uncursed worthless piece of blue glass X - an uncursed worthless piece of red glass D - an uncursed worthless piece of yellow glass j - a blessed luckstone Contents of the bag of holding: an uncursed scroll of teleportation 2 uncursed scrolls of earth 7 uncursed scrolls of blank paper a cursed scroll of create monster an uncursed scroll of remove curse an uncursed spellbook of cancellation an uncursed spellbook of chain lightning an uncursed spellbook of cure sickness an uncursed spellbook of detect monsters a blessed spellbook of force bolt a potion of holy water 2 uncursed potions of gain energy an uncursed potion of gain level an uncursed potion of invisibility an uncursed potion of sleeping a blessed potion of speed an uncursed potion of speed Ted the Wizard's attributes: Background: You were a Thaumaturge, a level 8 male gnomish Wizard. You were neutral, on a mission for Thoth who was opposed by Ptah (lawful) and Anhur (chaotic). You were right-handed. You were in Sokoban, on level 3. You entered the dungeon 8889 turns ago. It was nighttime. You had 2481 experience points, 79 more were needed to attain level 9. Your score was 9260 before end-of-game adjustments. Basics: You had 0 out of 98 hit points. You had 46 out of 64 energy points (spell power). Your armor class was 8. Your wallet contained 44 zorkmids. Autopickup was on for '$"=/!?' plus thrown. Final Characteristics: Your strength was 14 (limit:18/50). Your dexterity was 16 (limit:18). Your constitution was 15 (peak:16, limit:18). Your intelligence was 19 (limit:19). Your wisdom was 9 (limit:18). Your charisma was 8 (limit:18). Final Status: You weren't hungry. You were unencumbered. You were wielding a dagger. You were skilled in dagger. Final Attributes: You were piously aligned. You were magic-protected. You were telepathic. You had infravision. You could jump. You were warded. You were lucky. You had extra luck. Good luck did not time out for you. You are dead. Miscellaneous: You encountered 1 bones level. Total elapsed playing time was 2 hours, 41 minutes and 56 seconds. Major events: Turn 1: Ted the neutral male gnomish Wizard entered the dungeon 1006: attained the rank of Conjurer (level 3) 1202: entered the Gnomish Mines 2597: was bestowed with Magicbane by Thoth 3838: attained the rank of Thaumaturge (level 6) 4944: reached Mine Town 7378: entered Sokoban 7709: completed 1st Sokoban level 8268: completed 2nd Sokoban level 8875: completed 3rd Sokoban level 8889: killed by a leocrotta Vanquished creatures: a gargoyle a leocrotta 2 giant beetles a wolf an ice vortex a yeti a lizard a chickatrice a dog 2 jaguars a white unicorn a dust vortex a plains centaur 3 water moccasins an ape 5 soldier ants an imp a water nymph a mountain nymph 2 rock piercers 2 rock moles 2 fog clouds 3 yellow lights a kobold mummy a black naga hatchling 2 gray oozes a barrow wight a paper golem 5 giant ants 5 floating eyes a dwarf 2 homunculi 6 hill orcs 6 rothes a rabid rat a centipede 3 giant bats 2 monkeys 3 orc zombies 4 dwarf zombies 4 iguanas 13 killer bees 2 acid blobs 2 coyotes 2 hobbits 4 manes a large kobold 3 hobgoblins 15 giant rats a yellow mold a green mold 3 gnome zombies 9 geckos a jackal 7 foxes 2 kobolds 4 goblins 2 sewer rats 9 grid bugs a bat 4 lichens 4 kobold zombies 13 newts 188 creatures vanquished. No species were genocided or became extinct. Voluntary challenges: You read items or engraved 28 times. You never engraved Elbereth. You never had a pet. You never genocided any monsters. You never polymorphed an object. You never changed form. You used no wishes. You did not violate any of the special Sokoban rules. Achievements: You entered a shop. You attained the rank of Conjurer. You entered the Gnomish Mines. You attained the rank of Thaumaturge. You entered Minetown. You entered a temple. You entered Sokoban. The Dungeons of Doom: levels 1 to 6 Level 1: Level 2: An altar to Thoth, a sink. Level 3: Level 4: Stairs down to The Gnomish Mines. Level 5: Oracle of Delphi. Level 6: Stairs up to Sokoban, level 5. The Gnomish Mines: levels 5 to 8 Level 5: Level 6: A grave. Final resting place for scruffles-Val-Dwa-Fem-Law, killed by a hill orc. Level 7: A temple and an altar, some fountains, a sink. Level 8: Sokoban: levels 5 up to 3 Level 3: <- You were here. Solved. Final resting place for you, killed by a leocrotta. Level 4: Solved. Level 5: Solved. Game over: ---------- / \ / REST \ / IN \ / PEACE \ / \ | Ted | | 44 Au | | killed by a | | leocrotta | | | | | | 2024 | *| * * * | * _________)/\\_//(\/(/\)/\//\/|_)_______ Goodbye Ted the Wizard... You died in Sokoban on dungeon level 3 with 9256 points, and 44 pieces of gold, after 8889 moves. You were level 8 with a maximum of 98 hit points when you died.